 Dungeon Crawl Stone Soup version 0.16.1-11-g651b585 (webtiles) character file.

20 Radiman the Digger (level 2, 0/15 HPs)
             Began as a Gargoyle Earth Elementalist on Apr 3, 2015.
             Slain by a worker ant (4 damage)
             ... on level 1 of the Dungeon.
             The game lasted 00:03:36 (1145 turns).

Radiman the Digger (Gargoyle Earth Elementalist)    Turns: 1145, Time: 00:03:37

Health: 0/15       AC:  4    Str: 11    XL:     2   Next: 79%
Magic:  2/5        EV: 12    Int: 15    God:
Gold:   24         SH:  0    Dex: 10    Spells: 2 memorised, 3 levels left

rFire  . . .     SeeInvis .     (no weapon)
rCold  . . .     Clarity  .     c - +0 robe
rNeg   + . .     SustAb   .     (no shield)
rPois  ∞         Gourm    .     (no helmet)
rElec  +         Spirit   .     (no cloak)
rCorr  .         Warding  .     (no gloves)
rMut   .         Stasis   .     (no boots)
MR     .....                    (no amulet)
Stlth  +.........               (no ring)
                                g - ring of loudness (curse)

@: very slightly contaminated, invisible, not resistant to hostile enchantments,
very unstealthy
A: negative energy resistance 1, electricity resistance, unbreathing,
petrification resistance, rot immunity, AC +2
a: no special abilities


You were on level 1 of the Dungeon.
You were not hungry.

You visited 1 branch of the dungeon, and saw 1 of its levels.

You collected 24 gold pieces.

Inventory:

Missiles
 b - 67 stones (quivered)
Armour
 c - a +0 robe (worn)
Jewellery
 g - a cursed ring of loudness (left hand)
Potions
 f - a potion of restore abilities {unknown}
 h - 2 potions of mutation {unknown}
Books
 d - a book of Geomancy

   Spells                             Type                      Level
   a - Sandblast                      Earth                        1
   b - Stoneskin                      Transmutation/Earth          2
   c - Passwall                       Transmutation/Earth          3
   d - Stone Arrow                    Conjuration/Earth            3
   e - Petrify                        Transmutation/Earth          4
   f - Lee's Rapid Deconstruction     Earth                        5
Comestibles
 a - a bread ration
 i - a beef jerky
 j - 2 chunks of flesh


   Skills:
 - Level 1.5 Dodging
 - Level 2.1 Stealth
 * Level 2.7 Spellcasting
 - Level 0.7 Transmutations
 + Level 4.1 Earth Magic


You had 3 spell levels left.
You knew the following spells:

 Your Spells              Type           Power        Failure   Level  Hunger
a - Sandblast             Erth           ##....       4%          1    #......
b - Stoneskin             Trmt/Erth      #.......     12%         2    ##.....


Dungeon Overview and Level Annotations

Branches:
Dungeon (1/15)

Altars:


Innate Abilities, Weirdness & Mutations

You are resistant to torment.
You are immune to poison.
Your stone body is very resilient (AC +2).
You resist negative energy.
You are resistant to electric shocks.
You can survive without breathing.
You are immune to petrification.
You are immune to rotting.


Message History

You closely miss the worker ant.
The worker ant is moderately wounded.
The worker ant barely misses you. The worker ant bites you.
You hit the worker ant but do no damage.
The worker ant is moderately wounded.
The worker ant closely misses you.
You hit the worker ant.
The worker ant is moderately wounded.
The worker ant bites you.
* * * LOW HITPOINT WARNING * * *
It was a potion of invisibility.
You fade into invisibility!
The worker ant misses you.
You are very lightly contaminated with residual magic.
The worker ant closely misses you. The worker ant closely misses you.
The worker ant misses you.
There is an open door here.
The worker ant bites you.
You die...

##...........#
#.....######.# ##...##
#.### ..#######.## #.#..
..........# #.#.#
#########.# #.#.# ##'##
#.#.#### ##..a##
#.)....#
##....@########.##.#
##.....................#
.
#.........####....#.####
.. .'.........'.......#
# # #.........####....#
##........# ......
##.....#.# #.###.#
##...##.# #. .#
##'###.###.###.


You could see a worker ant.

Vanquished Creatures
  2 ball pythons (D:1)
  A giant cockroach (D:1)
  3 hobgoblins (D:1)
  2 kobolds (D:1)
  A bat (D:1)
  A giant newt (D:1)
  5 goblins (D:1)
  3 rats (D:1)
18 creatures vanquished.

Notes
Turn   | Place    | Note
--------------------------------------------------------------
     0 | D:1      | Radiman, the Gargoyle Earth Elementalist, began the quest for the Orb.
     0 | D:1      | Reached XP level 1. HP: 10/10 MP: 3/3
   665 | D:1      | Reached XP level 2. HP: 15/15 MP: 1/5
   669 | D:1      | Learned a level 2 spell: Stoneskin
   969 | D:1      | Reached skill level 4 in Earth Magic
  1145 | D:1      | Slain by a worker ant

Action                   || total
-------------------------++-------
Melee: Unarmed           ||    38
 Cast: Sandblast         ||    45
  Use: Scroll            ||     1
       Potion            ||     1
  Eat: Chunk             ||     1
